Map: Ciudad Esmeralda EE

Players

cooku

  • Race: Zerg Zerg
  • League: Silver
  • Spawn Location: 5:00

Corvin

  • Race: Zerg Zerg
  • League: Silver
  • Spawn Location: 5:00

MrFercho

  • Race: Zerg Zerg
  • League: Silver
  • Spawn Location: 11:00

TATORREA

  • Race: Protoss Protoss
  • League: Silver
  • Spawn Location: 11:00

VOD

Have the link to the VOD?

Description

Time

  • Played on: May 9, 2020, 8:35 p.m.
  • Length: 10:34
Show
View Real Time Build Order
Export as new Build Order

cooku Zerg 

Build Orders: Pool First 

Get SALT Encoding   

  12  0:08  Drone  
  12  0:09  Drone  
  14  0:18  Overlord  
  14  0:29  Extractor  
  14  0:31  Overlord  
  14  0:35  Drone  
  14  0:48  Spawning Pool  
  13  0:53  Drone  
  14  0:59  Drone  
  14  1:03  Drone  
  16  1:42  Lair  
  16  1:47  Extractor  
  16  1:50  Drone  
  16  1:51  Drone x2  
  18  2:05  Hatchery, Drone  
  18  2:33  Drone x2  
  20  2:41  Spire  
  20  2:43  Drone  
  20  2:53  Queen  
  20  2:57  Overlord  
  22  3:20  Overlord x3  
  22  3:24  Drone  
  23  3:28  Drone  
  23  3:32  Drone  
  25  3:39  Drone  
  26  3:43  Drone  
  27  3:51  Drone  
  27  3:55  Drone  
  29  3:57  Queen  
  31  4:05  Drone  
  32  4:24  Mutalisk x2  
  32  4:25  Mutalisk x3  
  32  4:29  Mutalisk  
  44  4:34  Overlord  
  44  4:41  Extractor  
  44  4:43  Drone  
  44  4:44  Extractor  
  43  5:01  Mutalisk  
  43  5:05  Hatchery  
  44  5:15  Drone x2  
  44  5:17  Drone  
  44  5:18  Drone  
  44  5:19  Drone x2  
  50  5:36  Mutalisk x3  
  54  6:19  Mutalisk x3  
  54  6:20  Mutalisk x2  
  64  7:07  Mutalisk x5  
  74  7:19  Drone x3  
  74  7:20  Drone  
  74  7:21  Drone x2  
  80  7:49  Mutalisk  
  82  8:11  Mutalisk  
  81  8:34  Overlord x2  
  81  8:35  Overlord x4  
  81  8:36  Overlord x2  
  81  8:39  Zerg Flyer Weapons Level 1  
  81  9:11  Mutalisk  
  81  9:12  Mutalisk x9  
  101  9:23  Drone x3  
  104  9:27  Extractor  
  104  9:29  Extractor  
Show
View Real Time Build Order
Export as new Build Order

Corvin Zerg 

Build Orders: Pool First 

Get SALT Encoding   

  12  0:01  Drone  
  13  0:08  Drone  
  13  0:12  Extractor  
  13  0:14  Extractor  
  13  0:18  Drone  
  13  0:23  Drone  
  14  0:32  Overlord  
  14  0:50  Drone  
  14  0:51  Drone  
  14  0:56  Spawning Pool  
  15  1:05  Drone  
  16  1:12  Drone  
  17  1:22  Drone  
  18  1:42  Drone x2  
  18  1:45  Metabolic Boost  
  20  1:51  Drone  
  21  2:04  Hatchery  
  21  2:07  Drone  
  21  2:15  Evolution Chamber  
  21  2:17  Drone  
  21  2:34  Overlord  
  21  2:52  Queen  
  23  3:00  Zerg Melee Weapons Level 1  
  23  3:03  Zergling x2  
  23  3:04  Zergling x4  
  26  3:16  Drone  
  27  3:27  Queen  
  27  3:29  Drone  
  30  3:38  Zergling x6  
  33  3:55  Drone  
  33  3:56  Drone  
  35  4:03  Zergling x2  
  35  4:07  Overlord  
  36  4:24  Overlord  
  36  4:27  Drone  
  36  4:28  Hatchery, Drone  
  37  4:32  Zergling x8  
  41  4:44  Zergling x10  
  46  4:48  Drone  
  46  4:51  Queen  
  49  5:00  Zerg Ground Armor Level 1  
  49  5:29  Zergling x4  
  49  5:30  Zergling x2  
  49  5:32  Overlord  
  49  5:33  Overlord x4  
  52  5:59  Zergling x10  
  57  6:13  Drone x3  
  55  6:55  Zergling x8  
  55  6:56  Zergling x10  
  64  7:10  Zerg Missile Weapons Level 1  
  64  7:12  Lair  
  64  7:14  Baneling Nest  
  61  7:51  Zergling x6  
  61  7:52  Zergling x14  
  67  8:53  Zergling x14  
  67  8:54  Zergling x6  
  77  9:14  Drone  
  78  9:17  Queen  
  78  9:18  Drone x3  
  74  9:49  Zergling x2  
  74  9:50  Zergling x24  
  86  10:03  Drone  
  86  10:04  Drone  
  88  10:09  Drone  
  88  10:10  Drone x2  
Show
View Real Time Build Order
Export as new Build Order

MrFercho Zerg 

Build Orders: Pool First 

Get SALT Encoding   

  12  0:03  Drone  
  13  0:15  Overlord  
  13  0:28  Drone  
  14  0:32  Extractor  
  13  0:36  Drone x2  
  15  0:55  Drone  
  15  0:56  Drone  
  17  1:02  Drone  
  18  1:12  Drone  
  19  1:29  Spawning Pool  
  18  1:33  Hatchery  
  18  1:35  Drone  
  18  1:36  Drone  
  19  1:47  Extractor  
  19  1:48  Drone  
  19  1:56  Drone  
  20  2:05  Overlord  
  20  2:18  Metabolic Boost  
  20  2:21  Queen  
  22  2:58  Zergling x2  
  22  2:59  Zergling x4  
  25  3:11  Queen, Drone x3  
  30  3:27  Drone  
  30  3:28  Drone  
  32  3:38  Drone x2  
  34  3:46  Lair  
  34  3:59  Drone x2  
  34  4:01  Extractor  
  34  4:02  Extractor, Overlord x2  
  34  4:03  Overlord  
  34  4:18  Hatchery  
  34  4:21  Hatchery  
  32  4:29  Drone  
  32  4:30  Drone x4  
  37  4:47  Hatchery  
  36  4:53  Drone x2  
  36  4:56  Overseer  
  35  5:27  Spire  
  34  5:29  Spire  
  34  5:33  Drone x5  
  38  6:02  Drone  
  39  6:33  Lair  
  39  6:44  Mutalisk x6  
  39  6:45  Mutalisk x3  
  57  7:16  Mutalisk  
  57  7:17  Mutalisk x2  
  63  7:34  Drone x3  
  51  8:03  Drone x3  
  30  8:31  Drone x8  
  38  8:43  Spire  
  29  8:52  Infestation Pit  
  24  9:06  Drone  
  24  9:07  Drone x4  
  29  9:14  Hatchery  
  28  9:17  Hatchery  
  28  9:20  Hatchery  
  28  9:23  Hatchery  
  25  9:38  Spire  
Show
View Real Time Build Order
Export as new Build Order

TATORREA Protoss 

Build Orders:  

Get SALT Encoding   

  12  0:01  Probe  
  13  0:21  Probe  
  14  0:27  Pylon  
  14  0:33  Probe  
  15  0:51  Probe  
  16  1:13  Gateway  
  16  1:16  Gateway  
  16  1:18  Probe  
  17  1:23  Assimilator  
  17  1:26  Pylon  
  17  1:42  Probe  
  18  1:54  Probe  
  19  2:05  Cybernetics Core  
  19  2:10  Probe  
  19  2:11  Assimilator  
  19  2:15  Zealot x2  
  24  2:22  Probe  
  25  2:25  Pylon  
  24  2:54  Probe  
  25  3:06  Probe  
  25  3:12  Robotics Facility  
  26  3:18  Stalker x2, Probe  
  31  3:21  Warp Gate  
  31  3:33  Probe  
  32  3:45  Probe  
  33  3:54  Nexus  
  33  3:56  Stalker x2, Assimilator  
  33  3:57  Probe  
  33  4:00  Assimilator  
  38  4:09  Probe, Stargate  
  39  4:27  Pylon  
  39  4:33  Pylon  
  39  4:45  Pylon, Probe  
  39  4:46  Observer  
  39  4:48  Stalker  
  43  4:57  Probe  
  44  5:12  Probe  
  45  5:15  Oracle  
  45  5:20  Probe  
  49  5:25  Stalker  
  49  5:26  Stalker  
  53  5:51  Stalker  
  53  5:52  Stalker  
  57  6:01  Protoss Air Weapons Level 1  
  49  7:17  Pylon  
  49  7:20  Pylon  
  49  7:29  Pylon  
  49  7:40  Gateway  
  49  7:41  Gateway  
  49  8:01  Gateway  
  49  8:02  Gateway  
  49  8:04  Gateway  
  49  8:08  Probe  
  49  8:11  Probe  
  51  8:20  Probe  
  51  8:23  Probe  
  53  8:32  Probe  
  54  8:35  Probe  
  55  8:44  Probe  
  56  8:55  Stargate  
  56  8:56  Probe  
  56  8:57  Stargate  
  56  9:00  Stargate  
  57  9:03  Robotics Bay  
  57  9:06  Twilight Council  
  57  9:09  Probe  
  58  9:12  Probe  
  59  9:18  Stalker x2  
  59  9:19  Stalker  
  59  9:21  Probe  
  66  9:24  Probe  
  67  9:33  Probe  
  67  9:36  Probe  
  49  9:51  Stalker x2  
  49  9:52  Stalker  
  47  9:57  Stalker  
  47  9:58  Stalker  
  51  10:11  Nexus  
  51  10:15  Assimilator  
  51  10:18  Assimilator  
Tags
 
Add a new tag
Caveats
  • Supply blocks, unpowered buildings, or Contaminate may cause inaccurate times.
  • Supply counts are checked every 10 seconds.